 Dungeon Crawl Stone Soup version 0.21.1-1-g345015f (webtiles) character file.

282 wojtek the Chopper (level 6, -7/51 HPs)
             Began as a Minotaur Fighter on July 31, 2018.
             Was a Follower of Makhleb.
             Killed by divine providence
             ... invoked by an orc priest
              (14 damage)
             ... on level 4 of the Dungeon.
             The game lasted 00:03:59 (2140 turns).

wojtek the Chopper (Minotaur Fighter)               Turns: 2140, Time: 00:03:59

Health: -7/51      AC: 10    Str: 22    XL:     6   Next: 6%
Magic:  6/6        EV:  5    Int:  5    God:    Makhleb [*.....]
Gold:   105        SH:  9    Dex: 10    Spells: 5/5 levels left

rFire    . . .     SeeInvis .   a - +0 war axe
rCold    . . .     Gourm    .   c - +0 shield
rNeg     . . .     Faith    .   k - +0 chain mail
rPois    .         Spirit   .   (helmet restricted)
rElec    .         Reflect  .   m - +0 cloak
rCorr    .         Harm     .   (no gloves)
MR       .....                  (no boots)
Stlth    ..........             (no amulet)
HPRegen  0.17/turn              (no ring)
MPRegen  0.10/turn              (no ring)

@: no status effects
A: retaliatory headbutt, horns 2
a: Renounce Religion


You were on level 4 of the Dungeon.
You worshipped Makhleb.
Makhleb was aware of your devotion.
You were not hungry.

You visited 1 branch of the dungeon, and saw 4 of its levels.

You collected 105 gold pieces.

Inventory:

Hand Weapons
 a - a +0 war axe (weapon)
Armour
 c - a +0 shield (worn)
 k - a +0 chain mail (worn)
 m - a +0 cloak (worn)
Jewellery
 n - an uncursed ring of protection from cold {unknown}
Scrolls
 b - a scroll of noise {unknown}
 e - 3 scrolls of identify {unknown}
 j - 3 scrolls of remove curse {unknown}
 l - a scroll of fog {unknown}
 o - 2 scrolls of amnesia {unknown}
 r - 2 scrolls of teleportation {unknown}
 s - 2 scrolls of blinking {unknown}
Potions
 d - a potion of might
 h - a potion of lignification {unknown}
 i - 2 potions of berserk rage {unknown}
 p - a potion of ambrosia {unknown}
 q - 2 potions of curing {unknown}
Comestibles
 f - 5 rations
 g - 4 chunks of flesh


   Skills:
 - Level 3.6 Fighting
 + Level 6.9 Axes
 - Level 3.6 Armour
 - Level 3.6 Shields
 + Level 2.6 Invocations


You had 5 spell levels left.
You didn't know any spells.

Dungeon Overview and Level Annotations

Branches:
Dungeon (4/15)
 Temple: D:4-7

Altars:
Ashenzari
Fedhas
Gozag
Hepliaklqana
Kikubaaqudgha
Makhleb
Sif Muna

Annotations:
D:4 Eustachio


Innate Abilities, Weirdness & Mutations

You reflexively headbutt those who attack you in melee.
You have a pair of horns on your head.


Message History

The crimson imp hits you but does no damage.
The quokka bites you but does no damage.
Eustachio hits you but does no damage.
The orc wizard moves out of view.
You barely miss the white imp.
You kill the white imp!
You slash Eustachio! You miss the quokka. You hit the shadow imp.
You slash the crimson imp!
The shadow imp hits you but does no damage.
The crimson imp hits you but does no damage.
The quokka barely misses you. Eustachio barely misses you.
The shadow imp hits you.
* * * LOW HITPOINT WARNING * * *
An orc priest comes into view. It is wielding a dagger of draining.
The crimson imp blinks!
Something completely misses you. You block the bat's attack.
Eustachio casts a spell.
Eustachio blinks!
The orc priest calls down the wrath of Beogh upon you.
Beogh smites you!
You die...

## ##.## .. ... #^#
#.## #####.#.#<.#
#.....#.#..#######
.#.....#..........#
...)...###........##
......roo...b.......
.......###s§@.....#
.......#^.5r....5...
.......#..§......###
......o#........)#
.....o.#........@..
.....?.##########o..
......[ ... .o


You could see Eustachio, an orc priest, an orc wizard, a crimson imp, a shadow
imp, 2 orcs, a quokka, a giant cockroach, a bat and a rat.

Vanquished Creatures
  The ghost of tyranidshit the Skirmisher, an amateur DsAK of Lugonu (D:3)
  A howler monkey (D:4)
  Jessica (D:2)
  5 adders
  4 dart slugs (D:1)
  7 orcs
  6 bats
  3 giant cockroaches
  5 goblins
  4 hobgoblins
  10 jackals
  8 kobolds
  A ball python (D:3)
  4 frilled lizards
  18 rats
  A bush (D:1)
79 creatures vanquished.

Notes
Turn   | Place    | Note
-------+----------+-------------------------------------------
     0 | D:1      | wojtek the Minotaur Fighter began the quest for the Orb.
     0 | D:1      | Reached XP level 1. HP: 19/19 MP: 0/0
   121 | D:1      | Reached skill level 3 in Axes
   190 | D:1      | Reached XP level 2. HP: 26/26 MP: 1/1
   498 | D:1      | Reached skill level 4 in Axes
   545 | D:1      | Reached XP level 3. HP: 29/31 MP: 2/2
   813 | D:2      | Noticed Jessica
   819 | D:2      | Killed Jessica
   819 | D:2      | Reached skill level 5 in Axes
   825 | D:2      | Reached XP level 4. HP: 39/39 MP: 3/3
   875 | D:2      | Found an opulent altar of Gozag.
  1253 | D:2      | You fall through a shaft!
  1360 | D:2      | Found a shattered altar of Ashenzari.
  1363 | D:2      | Found a burning altar of Makhleb.
  1363 | D:2      | Found an ancient bone altar of Kikubaaqudgha.
  1363 | D:2      | Found a hazy altar of Hepliaklqana.
  1373 | D:2      | Became a worshipper of Makhleb the Destroyer
  1503 | D:3      | Reached skill level 6 in Axes
  1658 | D:3      | Found a deep blue altar of Sif Muna.
  1782 | D:3      | Noticed tyranidshit's ghost (amateur DsAK)
  1795 | D:3      | Killed tyranidshit's ghost
  1795 | D:3      | Reached XP level 5. HP: 31/45 MP: 3/5
  2019 | D:3      | Found a blossoming altar of Fedhas.
  2088 | D:4      | Reached * piety under Makhleb
  2094 | D:4      | Noticed Eustachio
  2100 | D:4      | Reached XP level 6. HP: 47/51 MP: 6/6
  2140 | D:4      | Killed from afar by an orc priest

Skill      XL: |  1  2  3  4 |
---------------+-------------+-----
Axes           | 3 4 5 6 |  6.9
Invocations    | 2 |  2.6
Fighting       | |  3.6
Armour         | |  3.6
Shields        | |  3.6

Action                   |  1- 3 |  4- 6 || total
-------------------------+-------+-------++-------
Melee: War axe           |   108 |   134 ||   242
       Headbutt          |    25 |    16 ||    41
  Eat: Chunk             |       |     4 ||     4
Armor: Scale mail        |     5 |       ||     5
       Chain mail        |    29 |   103 ||   132
Dodge: Dodged            |    18 |    35 ||    53
Block: Shield            |    32 |    72 ||   104
